AoeStats
← Wgonzalez079389

African Clearing

510463699Analyzed
4v4 RM · 13h ago on Oct 1, 2026· 27m 24s· 8 players
Game mode
Random Map
Map size
Large (8 player)
Population
200
Speed
Normal
Resources
Standard
Victory
Conquest
Starting age
Dark Age
Ending age
Imperial Age
RankedLock teamsTeams togetherTeam positionsShared explorationLock speedFull tech treeHidden civsTurbo modeCheats
Victory
Defeat
🇨🇴 Slavs · Colombia
1117
+13
🇨🇳 Tatars · China
1077
+15
🇨🇳 Koreans · China
1014
+17
🇩🇪 Huns · Germany
989
+18
🇳🇮 Vietnamese · Nicaragua
1053
-16
🇲🇽 Teutons · Mexico
1046
-16
🇲🇽 Byzantines · Mexico
1039
-16
🇺🇸 Mongols · United States
1035
-15
DRAGONROJO500
4:38 Loom
13:30 Feudal Age
19:06 Castle Age
17:47 Double-Bit Axe
19:49 Wheelbarrow
20:21 Bow Saw
20:39 Scale Mail Armor
20:42 Gambesons
22:50 Squires
23:11 Horse Collar
23:58 Arson
25:47 Chain Mail Armor
MYTH NICAZ
4:12 Loom
11:34 Feudal Age
17:03 Castle Age
16:37 Double-Bit Axe
18:53 Gold Mining
19:14 Fletching
19:55 Bow Saw
23:09 Bodkin Arrow
23:51 Padded Archer Armor
Gustatro
7:18 Loom
15:27 Feudal Age
24:28 Castle Age
24:33 Bloodlines
Wgonzalez079389
3:41 Loom
12:51 Feudal Age
15:07 Double-Bit Axe
15:41 Bloodlines
20:18 Castle Age
21:56 Forging
21:56 Bow Saw
21:29 Horse Collar
Guerilla62
4:24 Loom
14:50 Feudal Age
15:41 Double-Bit Axe
17:03 Horse Collar
18:23 Wheelbarrow
19:34 Stone Mining
23:17 Scale Barding Armor
23:23 Forging
23:34 Bloodlines
Maiculito de la mancha
8:26 Loom
16:34 Feudal Age
21:36 Castle Age
24:34 Scale Barding Armor
25:31 Forging
Satsuma
5:24 Loom
16:49 Feudal Age
23:51 Castle Age
21:59 Double-Bit Axe
21:58 Horse Collar
26:41 Fletching
27:16 Ballistics
26:54 Murder Holes
26:39 Treadmill Crane
27:21 Bodkin Arrow
Lunara
6:00 Loom
13:20 Feudal Age
15:43 Double-Bit Axe
18:24 Castle Age
17:34 Fletching
17:45 Padded Archer Armor
19:01 Bodkin Arrow
19:24 Bloodlines
23:16 Ballistics
24:53 Forging
Connection lost

Rejoining the realm…

Still unreachable

The connection could not be restored.

Session expired

The server has moved on; the page needs a fresh start.